 Dungeon Crawl Stone Soup version 0.28-a0-1435-g82390b3a13 (webtiles) character file.

Game seed: 18339883240671167018

100 Lekart the Skirmisher (level 4, -4/40 HPs)
             Began as a Draconian Fighter on Jan 9, 2022.
             Killed by nerve-wracking pain
             ... invoked by an orc priest
              (14 damage)
             ... on level 3 of the Dungeon.
             The game lasted 00:03:08 (2073 turns).

Lekart the Skirmisher (Draconian Fighter)           Turns: 2073, Time: 00:03:09

Health: -4/40      AC:  6    Str: 18    XL:     4   Next: 46%
Magic:  4/4        EV: 12    Int:  9    God:
Gold:   65         SH:  4    Dex: 12    Spells: 3/3 levels left

rFire   . . .      SeeInvis .   a - +0 long sword
rCold   . . .      Faith    .   b - +0 buckler
rNeg    . . .      Spirit   .   (armour unavailable)
rPois   .          Reflect  .   (helmet restricted)
rElec   .          Harm     .   (no cloak)
rCorr   .          Rampage  .   d - +0 pair of gloves
Will    .....                   (no boots)
Stlth   +.........              (no amulet)
HPRegen 0.13/turn               (no ring)
MPRegen 0.09/turn               (no ring)

@: mighty
A: AC +5, unfitting armour, cold-blooded
a: no special abilities


You were on level 3 of the Dungeon.
You visited 1 branch of the dungeon, and saw 3 of its levels.

You collected 65 gold pieces.

Inventory:

Hand Weapons
 a - a +0 long sword (weapon)
Missiles
 g - a poisoned dart (quivered)
Armour
 b - a +0 buckler (worn)
 d - a +0 pair of gloves (worn)
Scrolls
 h - a scroll of identify
 i - a scroll of fog {unknown}
Potions
 e - a potion of haste {unknown}
 f - a potion of berserk rage {unknown}


   Skills:
 * Level 4.0 Fighting
 + Level 2.9 Long Blades
 + Level 1.2 Throwing
 + Level 3.2 Dodging
 + Level 3.3 Shields


You had 3 spell levels left.
You didn't know any spells.
Your spell library was empty.

Dungeon Overview and Level Annotations

Branches:
Dungeon (3/15)

Altars:

Annotations:
D:3 Sigmund


Innate Abilities, Weirdness & Mutations

Your plain brown scales are hard. (AC +5)
You cannot fit into any form of body armour.
You are cold-blooded and may be slowed by cold attacks.


Message History

You throw a poisoned dart. The poisoned dart hits Sigmund.
Sigmund is lightly wounded.
You block Sigmund's attack.
You see here a +0 dagger.
You feel very mighty all of a sudden.
The orc priest calls down the wrath of Beogh upon you.
Beogh smites you!
An orc wizard comes into view. It is wielding a +0 dagger.
Sigmund closely misses you.
You barely miss Sigmund.
Sigmund is lightly wounded.
The orc priest looks more healthy.
An orc comes into view. It is wielding a +0 short sword.
The orc priest mumbles some strange prayers to Beogh against you.
Beogh smites you! Sigmund gestures at you while chanting.
The magic dart hits you.
* * * LOW HITPOINT WARNING * * *
The orc shouts!
You closely miss Sigmund.
Sigmund is lightly wounded.
Sigmund barely misses you.
The orc priest hits you but does no damage.
You closely miss Sigmund.
Sigmund is lightly wounded.
The orc priest hits you with a +0 short sword.
* * * LOW HITPOINT WARNING * * *
Sigmund closely misses you.
The orc priest miscasts a cantrip.
You slash Sigmund!
Sigmund is severely wounded.
The orc wizard casts a spell.
The orc wizard flickers and vanishes!
Deactivating autopickup; reactivate with Ctrl-A.
The orc priest hits you with a +0 short sword.
* * * LOW HITPOINT WARNING * * *
You block Sigmund's attack.
The orc priest mumbles some strange prayers to Beogh against you.
Pain shoots through your body!
You die...

....((. .(....( ..?.>.(
...(.S( .....{( ......o
......@### #.....o@.#
########.# ..# ## #.####
..# ..## #....# ..# #
##...## #....# ####..#.#
.[.....###.>..###.......##
..........................
#............###.......#
.............###.<.....#


You could see Sigmund (poisoned), an orc priest, an orc and a ball python
(wandering).

Vanquished Creatures
  An iguana (D:2)
  2 adders (D:2)
  A dart slug (D:1)
  4 endoplasms
  5 giant cockroaches
  3 goblins
  7 hobgoblins
  5 quokkas
  6 ball pythons
  8 bats
  6 frilled lizards
  2 kobolds
  3 rats
53 creatures vanquished.

Notes
Turn   | Place    | Note
-------+----------+-------------------------------------------
     0 | D:1      | Lekart the Draconian Fighter began the quest for the Orb.
     0 | D:1      | Reached XP level 1. HP: 19/19 MP: 1/1
   303 | D:1      | Reached XP level 2. HP: 26/26 MP: 2/2
   908 | D:1      | Reached XP level 3. HP: 33/33 MP: 3/3
  1463 | D:2      | Found a faded altar of an unknown god.
  1561 | D:2      | Reached XP level 4. HP: 40/40 MP: 4/4
  1752 | D:2      | Reached skill level 4 in Fighting
  1752 | D:2      | Reached skill level 1 in Throwing
  1935 | D:2      | Identified the +1 robe "Muteufof" {rPois Regen+ MP+9}
  2059 | D:3      | Noticed Sigmund
  2073 | D:3      | Killed from afar by an orc priest

Illustrated notes

Levels and vault maps discovered:
D:1:      minmay_arrival_open_corners, layout_basic
D:2:      layout_rooms, nicolae_ecumenical_snake_handling
D:3:      layout_rooms, lemuel_tele_altar, gammafunk_ghost_split,
          minmay_crystal_water, minmay_shallow_snake_nest, uniq_robin,
          uniq_sigmund

Skill      XL: |  1  2  3  4 |
---------------+-------------+-----
Dodging        | 3 |  3.2
Fighting       | 4 |  4.0
Throwing       | 1 |  1.2
Long Blades    | |  2.9
Shields        | |  3.3

Action                   |  1- 3 |  4- 6 || total
-------------------------+-------+-------++-------
Melee: Long sword        |    97 |    14 ||   111
       Tailslap          |     7 |     2 ||     9
Throw: Dart              |    48 |    40 ||    88
  Use: Scroll            |     1 |       ||     1
       Potion            |       |     1 ||     1
Armor: Skin              |    75 |     4 ||    79
Dodge: Dodged            |   119 |    13 ||   132
Block: Buckler           |    40 |     2 ||    42

Table legend: (Time is in decaauts)
 A = Elapsed time spent in this place.
 B = Non-inter-level travel time spent in this place.
 C = Inter-level travel time spent in this place.
 D = Time resting spent in this place.
 E = Time spent auto-exploring this place.
 F = Levels seen in this place.
 G = Mean time per level.
                   A        B        C        D        E       F      G
               +--------+--------+--------+--------+--------+-----+--------+
         Total |   2110 |   2072 |     38 |    562 |   1083 |   3 |  703.3 |
       Dungeon |   2110 |   2072 |     38 |    562 |   1083 |   3 |  703.3 |
               +--------+--------+--------+--------+--------+-----+--------+

Top non-repeatable levels by time:
     D:1: 1227 daAuts
     D:2: 825 daAuts
     D:3: 57 daAuts
